 Dungeon Crawl Stone Soup version 0.21.1-1-g345015f (webtiles) character file.

161 Monsterracer the Conjurer (level 5, -2/28 HPs)
             Began as a Deep Elf Wizard on May 10, 2018.
             Was an Initiate of Vehumet.
             Slain by DingGoldman's ghost (15 damage)
             ... on level 3 of the Dungeon.
             The game lasted 00:02:54 (3010 turns).

Monsterracer the Conjurer (Deep Elf Wizard)         Turns: 3010, Time: 00:02:56

Health: -2/28      AC:  2    Str:  4    XL:     5   Next: 18%
Magic:  3/13       EV: 13    Int: 24    God:    Vehumet [......]
Gold:   58         SH:  0    Dex: 13    Spells: 3/12 levels left

rFire    . . .     SeeInvis .   d - +0 dagger
rCold    . . .     Gourm    .   (no shield)
rNeg     . . .     Faith    .   a - +0 robe
rPois    .         Spirit   .   b - +0 hat
rElec    .         Reflect  .   (no cloak)
rCorr    .         Harm     .   (no gloves)
MR       .....                  (no boots)
Stlth    ++........             (no amulet)
HPRegen  0.09/turn              (no ring)
MPRegen  0.13/turn              (no ring)

@: no status effects
A: no striking features
a: Renounce Religion


You were on level 3 of the Dungeon.
You worshipped Vehumet.
Vehumet was noncommittal.
You were not hungry.

You visited 1 branch of the dungeon, and saw 3 of its levels.

You collected 58 gold pieces.

Inventory:

Hand Weapons
 d - a +0 dagger (weapon)
Armour
 a - a +0 robe (worn)
 b - a +0 hat (worn)
Potions
 f - 2 potions of heal wounds
 h - a potion of might {unknown}
 i - 2 potions of haste
 m - a potion of magic
 n - a potion of curing
Comestibles
 c - 6 rations
 g - 2 chunks of flesh


   Skills:
 - Level 2.4 Dodging
 - Level 2.4 Stealth
 - Level 4.4 Spellcasting
 * Level 5.0 Conjurations
   Level 1.1 Summonings
 - Level 1.1 Translocations
 + Level 2.2 Fire Magic


You had 3 spell levels left.
You knew the following spells:

 Your Spells              Type           Power        Failure   Level  Hunger
a - Magic Dart            Conj           ####         1%          1    None
b - Conjure Flame         Conj/Fire      ###.....     6%          3    ##.....
c - Mephitic Cloud        Conj/Pois/Air  ##......     14%         3    ##.....
e - Blink                 Tloc           N/A          9%          2    None


Dungeon Overview and Level Annotations

Branches:
Dungeon (3/15)

Altars:
Vehumet
Xom

Annotations:
D:3 DingGoldman's ghost, novice DsGl


Message History

Confirm with . or Enter, or press ? or * to list all spells.
Aiming: Magic Dart
Press: ? - help, Shift-Dir - straight line, f/p - DingGoldman's ghost
Aim: DingGoldman's ghost The magic dart hits DingGoldman's ghost.
You now have 5/13 mp.
Casting: Magic Dart
Confirm with . or Enter, or press ? or * to list all spells.
Aiming: Magic Dart
Press: ? - help, Shift-Dir - straight line, f/p - DingGoldman's ghost
Aim: DingGoldman's ghost The magic dart hits DingGoldman's ghost.
DingGoldman's ghost is lightly damaged.
You now have 4/13 mp.
Casting: Magic Dart
Confirm with . or Enter, or press ? or * to list all spells.
Aiming: Magic Dart
Press: ? - help, Shift-Dir - straight line, f/p - DingGoldman's ghost
Aim: DingGoldman's ghost (lightly damaged)
The magic dart hits DingGoldman's ghost.
DingGoldman's ghost is lightly damaged.
You now have 3/13 mp.
Casting: Magic Dart
Confirm with . or Enter, or press ? or * to list all spells.
Aiming: Magic Dart
Press: ? - help, Shift-Dir - straight line, f/p - DingGoldman's ghost
Aim: DingGoldman's ghost (lightly damaged)
The magic dart hits DingGoldman's ghost.
DingGoldman's ghost is lightly damaged.
You now have 2/13 mp.
Casting: Magic Dart
Confirm with . or Enter, or press ? or * to list all spells.
Aiming: Magic Dart
Press: ? - help, Shift-Dir - straight line, f/p - DingGoldman's ghost
Aim: DingGoldman's ghost (lightly damaged)
The magic dart hits DingGoldman's ghost.
DingGoldman's ghost is lightly damaged.
You now have 1/13 mp.
Unknown command.
Casting: Magic Dart
Confirm with . or Enter, or press ? or * to list all spells.
Aiming: Magic Dart
Press: ? - help, Shift-Dir - straight line, f/p - DingGoldman's ghost
Aim: DingGoldman's ghost (lightly damaged)
The magic dart hits DingGoldman's ghost.
DingGoldman's ghost is lightly damaged.
You now have 0/13 mp.
Unknown command.
Unknown command.
DingGoldman's ghost says, "Try not to bleed too much."
DingGoldman's ghost whispers, "Meet the emptiness of death!"
DingGoldman's ghost hits you.
You take 2 damage, and have 26/28 hp.
Items here: )) †† a dagger; a club; an orc corpse x2
Things that are here:
a dagger; a robe; an orc skeleton Health restored: 28 The goblin hits you with a club.
You take 4 damage, and have 24/28 hp.
Casting: Magic Dart
Confirm with . or Enter, or press ? or * to list all spells.
Aiming: Magic Dart
Press: ? - help, Shift-Dir - straight line, f/p - DingGoldman's ghost
Aim: DingGoldman's ghost The magic dart hits the goblin.
The goblin is severely wounded.
The goblin barely misses you.
You now have 3/13 mp.
Casting: Magic Dart
Confirm with . or Enter, or press ? or * to list all spells.
Aiming: Magic Dart
Press: ? - help, Shift-Dir - straight line, f/p - DingGoldman's ghost
Aim: DingGoldman's ghost The magic dart hits the goblin.
You kill the goblin!
Vehumet accepts your kill.
Casting: Magic Dart
Confirm with . or Enter, or press ? or * to list all spells.
Aiming: Magic Dart
Press: ? - help, Shift-Dir - straight line, f/p - DingGoldman's ghost
Aim: DingGoldman's ghost The magic dart hits DingGoldman's ghost.
DingGoldman's ghost is lightly damaged.
DingGoldman's ghost hits you.
You take 5 damage, and have 19/28 hp.
You now have 2/13 mp.
Unknown command.
You aren't carrying any spellbooks or scrolls.
DingGoldman's ghost completely misses you.
You hit DingGoldman's ghost but do no damage.
DingGoldman's ghost hits you!
* * * LOW HITPOINT WARNING * * *
You take 9 damage, and have 12/28 hp.
MASSIVE DAMAGE!!
Casting: Magic Dart
Confirm with . or Enter, or press ? or * to list all spells.
You blink.
You now have 2/13 mp.
DingGoldman's ghost hits you!
Ouch! That really hurt!
You die...

,,,,,,* #.####################
,,,,,,*#####.....................
,,,,,,..............#############
,,,,,,....)............# #
,,,,,,#############.##.# #
,****** #.........#.##.# # ,*
#########.#.##.# ######
,*********** ###W#.##.# #.....
,,,,,,,,,,,* #.@.#)##.#####.####
**********,* #.###.##.......# #
,,,,,,,* *,* #.###.#############
******,***,* #.....# #..........
* *,,,,,* ####### #.######### *
******* #.#........ * #...#######
* #.#.# * #####


You could see DingGoldman's ghost.

Vanquished Creatures
  An orc wizard (D:3)
  4 gnolls (D:2)
  3 adders
  2 worms (D:2)
  3 dart slugs (D:1)
  5 leopard geckos
  2 orcs (D:3)
  A ball python (D:1)
  3 giant cockroaches
  6 goblins
  3 hobgoblins
  6 jackals
  3 quokkas (D:2)
  5 bats
  3 frilled lizards
  6 kobolds
  4 rats
60 creatures vanquished.

Notes
Turn   | Place    | Note
-------+----------+-------------------------------------------
     0 | D:1      | Monsterracer the Deep Elf Wizard began the quest for the Orb.
     0 | D:1      | Reached XP level 1. HP: 10/10 MP: 7/7
   122 | D:1      | Reached skill level 2 in Conjurations
   192 | D:1      | Reached XP level 2. HP: 15/15 MP: 3/9
   562 | D:1      | Reached skill level 3 in Conjurations
   790 | D:1      | Reached XP level 3. HP: 19/19 MP: 7/10
   795 | D:1      | Learned a level 2 spell: Blink
   799 | D:1      | Learned a level 3 spell: Conjure Flame
   803 | D:1      | Learned a level 3 spell: Mephitic Cloud
  1539 | D:2      | Found a radiant altar of Vehumet.
  1559 | D:2      | Reached skill level 1 in Fire Magic
  1562 | D:2      | HP: 9/19 [gnoll (8)]
  1567 | D:2      | Reached skill level 4 in Conjurations
  1567 | D:2      | Reached XP level 4. HP: 12/24 MP: 0/12
  1698 | D:2      | Became a worshipper of Vehumet
  2110 | D:2      | Found a shimmering altar of Xom.
  2546 | D:3      | Noticed DingGoldman's ghost (novice DsGl)
  2854 | D:3      | Reached XP level 5. HP: 28/28 MP: 8/13
  2856 | D:3      | Reached skill level 5 in Conjurations
  3001 | D:3      | HP: 12/28 [DingGoldman's ghost (9)]
  3010 | D:3      | Slain by DingGoldman's ghost

Skill      XL: |  1  2  3  4  5 |
---------------+----------------+-----
Conjurations   | 2 3 4 5 |  5.0
Fire Magic     | 1 2 |  2.2
Dodging        | |  2.4
Stealth        | |  2.4
Spellcasting   | |  4.4
Summonings     | |  1.1
Translocations | |  1.1

Action                   |  1- 3 |  4- 6 || total
-------------------------+-------+-------++-------
Melee: Unarmed           |    10 |       ||    10
       Dagger            |     8 |     1 ||     9
 Cast: Magic Dart        |    79 |    71 ||   150
       Conjure Flame     |     1 |     2 ||     3
       Mephitic Cloud    |     1 |       ||     1
       Blink             |       |     1 ||     1
  Use: Scroll            |       |     8 ||     8
  Eat: Chunk             |     2 |     4 ||     6
Armor: Robe              |     4 |     1 ||     5
Dodge: Dodged            |    18 |     8 ||    26

Vault maps used:
D:1:      sevenhm_arrival_forest_fort_small_6, grunt_decor_fettered
D:2:      vehumet_crystals, lemuel_crystal_altar, first_ration,
          serial_bayou_pond_e, minmay_door_square, item_on_display_a
D:3:      minmay_misc_feat_diagonals, serial_bayou_pond_c,
          minmay_randomly_rotated_circles, uniq_terence
